 Dungeon Crawl Stone Soup version 0.30.0-3-ga4e48a9924 (webtiles) character file.

Game seed: 3933010717607162935

871 jtron the Ruffian (level 7, -2/105 HPs)
             Began as a Troll Berserker on May 7, 2023.
             Was an Elder of Trog.
             Slain by an iguana (11 damage)
             ... on level 5 of the Dungeon.
             The game lasted 00:08:06 (3254 turns).

jtron the Ruffian (Troll Berserker)                 Turns: 3254, Time: 00:08:06

Health: -2/105     AC:  4    Str: 34    XL:     7   Next: 73%
Magic:  6/6        EV: 10    Int:  3    God:    Trog [****..]
Gold:   287        SH:  0    Dex:  9    Spells: 6/6 levels left

rFire   . .          .
                       - Unarmed
rCold   . . .        (no shield)
rNeg    . . .        c - +0 animal skin
rPois   .            (helmet restricted)
rElec   .            (no cloak)
rCorr   .            (gloves unavailable)
SInv    .            (boots unavailable)
Will    .....        (no amulet) Stlth
                     t - +6 ring of strength
HPRegen 1.17/turn    (no ring)
MPRegen 0.10/turn

%: no passive effects
@: berserking, very quick
A: large, unfitting armour, claws 3, regeneration 1, shaggy fur 1, tough skin 1
a: Renounce Religion, Berserk, Trog's Hand, Brothers in Arms


You were on level 5 of the Dungeon.
You worshipped Trog.
Trog was greatly pleased with you.
You visited 1 branch of the dungeon, and saw 5 of its levels.

You collected 287 gold pieces.

Inventory:

Hand Weapons
 a - a +0 sling
Missiles
 m - 21 poisoned darts
 q - 80 stones
 u - 3 javelins
Armour
 c - a +0 animal skin (worn)
Jewellery
 t - a +6 ring of strength (left claw)
Wands
 d - a wand of polymorph (7)
 s - a wand of flame (33)
Scrolls
 g - a scroll of teleportation {unknown}
 k - a scroll of vulnerability {unknown}
 l - a scroll of fog {unknown}
 n - a scroll of silence {unknown}
 p - a scroll of enchant weapon {unknown}
 w - a scroll of magic mapping
Potions
 b - a potion of resistance
 e - a potion of attraction
 f - a potion of berserk rage
 h - a potion of cancellation {unknown}
 r - 2 potions of heal wounds
 v - 2 potions of mutation


   Skills:
 * Level 4.0 Fighting
 + Level 2.3 Ranged Weapons
 + Level 3.8 Dodging
 + Level 0.1 Stealth
 * Level 6.6 Unarmed Combat


You had 6 spell levels left.
You didn't know any spells.
Your spell library was empty.

Dungeon Overview and Level Annotations

Branches:
Dungeon (5/15)
 Temple: D:4-7

Altars:
Okawaru
Qazlal
Trog
Vehumet


Innate Abilities, Weirdness & Mutations

You are too large for most types of armour.
You have claws for hands.
Your natural rate of healing is unusually fast.
You are covered in fur. (AC +1)
You have tough skin. (AC +1)


Message History

The black bear is severely wounded.
The black bear goes berserk!
The iguana closely misses you.
You scratch the black bear but do no damage.
The black bear is severely wounded.
The black bear completely misses you. The black bear closely misses you.
The black bear barely misses you. The iguana barely misses you.
You barely miss the black bear.
The black bear is severely wounded.
The black bear bites you!
The black bear claws you but does no damage.
The black bear closely misses you. The iguana bites you!
The black bear barely misses you. The black bear claws you.
The black bear barely misses you. The iguana attacks as you move away!
The iguana misses you. The ice beast attacks as you move away!
The ice beast hits you. The ice beast freezes you! The black bear bites you.
The black bear claws you but does no damage.
The black bear misses you.
The black bear bites you but does no damage.
The black bear claws you.
* * * LOW HITPOINT WARNING * * *
The black bear claws you.
* * * LOW HITPOINT WARNING * * *
A red film seems to cover your vision as you go berserk!
You feel yourself moving faster!
You feel mighty! The black bear barely misses you. The black bear claws you.
* * * LOW HITPOINT WARNING * * *
The black bear barely misses you. The ice beast barely misses you.
You scratch the ice beast.
The ice beast is lightly wounded.
The black bear bites you.
* * * LOW HITPOINT WARNING * * *
The black bear claws you.
* * * LOW HITPOINT WARNING * * *
The black bear claws you but does no damage.
You mangle the black bear!!
You kill the black bear!
Trog accepts your kill. The ice beast barely misses you. The iguana bites you!
You die...

.......#########..#
........# #..# ...#...##
#..#### .#....###. #.....#
.#..#....) #.....#
.#..†..### #.....#
##.#...### ##.#########
...........(###..l........
##.#............@Y.......[
..........#.###...........
##.#......# #...........
..........# #...........
..#....... .............
#.#....... ###...........
#.#....... #...........
..#.###+#. #...........
##....# #...........


You could see an ice beast and an iguana.

Vanquished Creatures
  Eustachio (D:4)
  The ghost of Taurus the Chopper, an amateur MiFi (D:3)
  2 black bears
  A phantom (D:4)
  A kobold brigand (D:3)
  A scorpion (D:5)
  2 hounds (D:4)
  Terence (D:2)
  5 adders
  2 white imps (D:5)
  4 worms
  4 dart slugs
  9 orcs
  7 endoplasms
  7 giant cockroaches
  15 goblins
  9 hobgoblins
  13 jackals
  20 kobolds
  3 quokkas
  9 ball pythons
  5 bats
  4 frilled lizards
  13 rats
139 creatures vanquished.

Vanquished Creatures (others)
  3 fungi (D:3)
  A plant (D:3)
4 creatures vanquished.

Grand Total: 143 creatures vanquished

Notes
Turn   | Place    | Note
-------+----------+-------------------------------------------
     0 | D:1      | jtron the Troll Berserker began the quest for the Orb.
     0 | D:1      | Reached XP level 1. HP: 22/22 MP: 0/0
    32 | D:1      | Found a large runed translucent door.
    32 | D:1      | Found a large runed translucent door.
   148 | D:1      | Reached XP level 2. HP: 29/29 MP: 1/1
   517 | D:1      | Reached ** piety under Trog
   539 | D:1      | Reached XP level 3. HP: 37/37 MP: 2/2
   973 | D:2      | Reached skill level 1 in Ranged Weapons
   973 | D:2      | Reached XP level 4. HP: 43/45 MP: 3/3
  1298 | D:2      | Noticed Terence
  1311 | D:2      | Killed Terence
  1485 | D:2      | Reached *** piety under Trog
  1708 | D:3      | Reached XP level 5. HP: 53/53 MP: 4/4
  1802 | D:3      | You fall into a shaft and drop 1 floor!
  1811 | D:4      | Found a stormy altar of Qazlal.
  1869 | D:4      | Found a radiant altar of Vehumet.
  1907 | D:4      | Reached skill level 4 in Unarmed Combat
  2189 | D:3      | Found an iron altar of Okawaru.
  2247 | D:3      | Found a runed translucent gate.
  2248 | D:3      | Found a runed translucent gate.
  2248 | D:3      | Noticed Taurus's ghost (amateur MiFi)
  2249 | D:3      | Found a runed translucent gate.
  2443 | D:3      | Reached XP level 6. HP: 46/55 MP: 5/5
  2467 | D:3      | Killed Taurus's ghost
  2468 | D:3      | Reached skill level 5 in Unarmed Combat
  2612 | D:4      | Reached **** piety under Trog
  2619 | D:4      | Reached XP level 7. HP: 47/68 MP: 6/6
  2667 | D:4      | Reached skill level 6 in Unarmed Combat
  2713 | D:4      | Noticed Eustachio
  2727 | D:4      | Killed Eustachio
  3037 | D:4      | Noticed a moth of wrath
  3040 | D:4      | Found a bloodstained altar of Trog.
  3103 | D:5      | Entered Level 5 of the Dungeon
  3254 | D:5      | Slain by an iguana

Illustrated notes

Levels and vault maps discovered:
D:1:      erik_arrival_cave_to_civilisation [erik_arrival_cave_to_temple],
          layout_basic
D:2:      minmay_evil_eye, layout_rooms, kennysheep_generic_room_7, uniq_terence
D:3:      layout_rooms, okawaru_altar_gauntlet_db,
          gammafunk_ghost_nasty_kobolds, wander_ebering_terrifying_dragon_lair
D:4:      layout_basic, nicolae_qazlal_general_emergency,
          nicolae_overflow_crystal_walls, tgw_trog, uniq_eustachio
D:5:      layout_basic, marbit_many_paths, chequers_garden, nicolae_wormholes

Skill      XL: |  1  2  3  4  5  6  7 |
---------------+----------------------+-----
Fighting       | 3 4 |  4.0
Ranged Weapons | 1 2 |  2.3
Dodging        | 3 |  3.8
Unarmed Combat | 4 5 6 |  6.6
Stealth        | |  0.1

Action                     |  1- 3 |  4- 6 |  7- 9 || total
---------------------------+-------+-------+-------++-------
  Melee: Unarmed           |    86 |   155 |    55 ||   296
         Punch             |       |     5 |     4 ||     9
   Fire: Sling             |    59 |    41 |    10 ||   110
 Invoke: Berserk           |     1 |     1 |     1 ||     3
         Trog's Hand       |       |     1 |       ||     1
    Use: Potion            |       |     5 |       ||     5
         Scroll            |       |       |     9 ||     9
   Stab: Sleeping          |     1 |       |       ||     1
 Armour: Animal skin       |    35 |    54 |    13 ||   102
  Dodge: Dodged            |    34 |   108 |    48 ||   190
